 Dungeon Crawl Stone Soup version 0.30-a0-702-gdf48620a09 (webtiles) character file.

Game seed: 12331746434674445338

56280 acebull12 the Unseen (level 14, -1/64 (69) HPs)
             Began as a Spriggan Brigand on Jan 21, 2023.
             Was a Believer of Uskayaw.
             Slain by a pharaoh ant (39 damage)
             ... on level 1 of the Spider Nest.
             The game lasted 01:18:46 (22234 turns).

acebull12 the Unseen (Spriggan Brigand)            Turns: 22234, Time: 01:18:47

HP:   -1/64 (69)    AC:  6    Str:  7    XL:     14   Next: 41%
MP:   22/22         EV: 37    Int: 12    God:    Uskayaw [**....]
Gold: 1542          SH:  0    Dex: 22    Spells: 15/17 levels left

rFire   . . .      SeeInvis +    M - +3 short sword (venom)
rCold   . . .      Faith    +    (no shield)
rNeg    . . .      Spirit   .    i - +0 steam dragon scales
rPois   +          Reflect  .    (helmet restricted)
rElec   .          Harm     .    c - +0 cloak
rCorr   .          Rampage  .    (gloves unavailable)
Will    ++...                    (boots unavailable)
Stlth   ++++++++                 N - amulet of faith
HPRegen 0.30/turn                k - +5 ring of evasion
MPRegen 0.18/turn                l - ring of poison resistance

@: studying Short Blades, drained, very quick
A: very small, no large weapons, unfitting armour, see invisible, speed 3
a: Renounce Religion, Stomp, Line Pass


You were on level 1 of the Spider Nest.
You worshipped Uskayaw.
Uskayaw was aware of your devotion.
You visited 5 branches of the dungeon, and saw 21 of its levels.
You also visited: Sewer.

You collected 1542 gold pieces.

Inventory:

Hand Weapons
 F - a +0 vampiric rapier
 M - a +3 short sword of venom (weapon)
Missiles
 d - 66 poisoned darts
 e - 7 curare-tipped darts
 m - 127 stones
 t - 12 boomerangs (quivered)
 H - 3 throwing nets
Armour
 c - a +0 cloak (worn)
 i - +0 steam dragon scales (worn)
Jewellery
 a - a ring of positive energy
 k - a +5 ring of evasion (left hand)
 l - a ring of poison resistance (right hand)
 u - an amulet of reflection
 J - an amulet of regeneration
 N - an amulet of faith (around neck)
 O - an amulet of guardian spirit
Wands
 b - a wand of acid (13)
 p - a wand of roots (20)
 K - a wand of flame (26)
 L - a wand of paralysis (7)
 P - a wand of mindburst (4)
 S - a wand of digging (7)
Scrolls
 g - 9 scrolls of teleportation
 j - 6 scrolls of amnesia
 r - 3 scrolls of magic mapping
 x - 3 scrolls of blinking
 y - a scroll of noise
 D - a scroll of fear
 E - a scroll of poison
 I - 2 scrolls of butterflies
 Q - 4 scrolls of enchant armour
 R - 2 scrolls of silence
 U - a scroll of fog {unknown}
Potions
 f - a potion of berserk rage {unknown}
 h - 3 potions of invisibility
 n - 5 potions of heal wounds
 o - 2 potions of cancellation
 q - 2 potions of ambrosia {unknown}
 s - a potion of resistance {unknown}
 v - 11 potions of curing
 w - a potion of lignification {unknown}
 z - 4 potions of flight
 A - a potion of mutation {unknown}
 B - 6 potions of might
 C - 2 potions of haste
 G - 3 potions of brilliance
 T - a potion of magic {unknown}


   Skills:
 + Level 5.7 Fighting
 * Level 12.5 Short Blades
 * Level 10.8 Throwing
 * Level 15.3 Dodging
 - Level 20.0 Stealth
 + Level 2.7 Shields
 * Level 2.1 Spellcasting
 * Level 9.3 Invocations


You had 15 spell levels left.
You knew the following spells:

 Your Spells              Type           Power      Damage    Failure   Level
a - Blink                 Tloc           2%         N/A       38%         2

Your spell library contained the following spells:

 Spells                   Type           Power      Damage    Failure   Level
 Kiss of Death            Conj/Necr      4%         2d5       26%         1
 Ensorcelled Hibernation  Hex/Ice        2%         N/A       38%         2
 Lesser Beckoning         Tloc           2%         N/A       38%         2
 Momentum Strike          Conj/Tloc      2%         3d8       38%         2
 Sublimation of Blood     Necr           1%         N/A       38%         2
 Wereblood                Tmut           1%         N/A       38%         2
 Confusing Touch          Hex            1%         N/A       63%         3
 Spider Form              Tmut/Pois      1%         N/A       63%         3
 Tukima's Dance           Hex            1%         N/A       63%         3
 Anguish                  Hex/Necr       0%         N/A       95%         4
 Animate Dead             Necr           1%         N/A       95%         4
 Dispel Undead            Necr           1%         3d6       95%         4
 Passage of Golubria      Tloc           1%         N/A       95%         4
 Agony                    Necr           1%         N/A       100%        5
 Summon Forest            Summ/Tloc      0%         N/A       100%        5
 Summon Mana Viper        Hex/Summ       1%         N/A       100%        5
 Yara's Violent Unravell  Hex/Tmut       0%         3d3       100%        5
 Summon Cactus Giant      Summ           0%         N/A       100%        6
 Haunt                    Necr/Summ      0%         N/A       100%        7
 Summon Hydra             Summ           0%         N/A       100%        7
 Infestation              Necr           0%         N/A       100%        8
 Dragon's Call            Summ           0%         N/A       100%        9


Dungeon Overview and Level Annotations

Branches:
Dungeon (12/15)            Temple (1/1) D:5            Lair (4/5) D:8
 Shoals (0/4) Lair:2       Spider (2/4) Lair:3          Orc (2/2) D:11
  Sewer (visited)
  Slime: Lair:4-5       Elf: Orc:2

Altars:
Ashenzari
Cheibriados
Dithmenos
Elyvilon
Fedhas
Gozag
Hepliaklqana
Kikubaaqudgha
Makhleb
Nemelex Xobeh
Okawaru
Qazlal
Ru
Sif Muna
Trog
Uskayaw
Vehumet
Wu Jian
Xom
Yredelemnul
Zin
The Shining One

Shops:
D:4 *   D:11 (

Annotations:
D:4 Grinder
Lair:2 Rennog's ghost, journeyman FoFi
Spider:1 1 runed translucent door, Ebbomuas's ghost, journeyman MiGl


Innate Abilities, Weirdness & Mutations

You are very small and have problems with some larger weapons.
You are too small for most types of armour.
You have supernaturally acute eyesight. (SInv)
You cover ground extremely quickly. (Speed+++)


Message History

The pharaoh ant completely misses you. The pharaoh ant bites you.
You feel drained.
You climb upwards.
Level annotation: 1 runed translucent door, Ebbomuas's ghost, journeyman MiGl
There is a stone staircase leading down here.
You hit the pharaoh ant but do no damage.
You barely miss the pharaoh ant. The pharaoh ant closely misses you.
You hit the pharaoh ant.
The pharaoh ant is lightly damaged.
The pharaoh ant closely misses you.
You hit the pharaoh ant.
The pharaoh ant is lightly damaged.
The pharaoh ant completely misses you.
You hit the pharaoh ant.
The pharaoh ant is moderately damaged.
You hit the pharaoh ant.
The pharaoh ant is moderately damaged.
The pharaoh ant completely misses you.
You completely miss the pharaoh ant.
The pharaoh ant is moderately damaged.
The pharaoh ant completely misses you.
You puncture the pharaoh ant!
The pharaoh ant is heavily damaged.
You can now pass through a line of other dancers.
You hit the pharaoh ant but do no damage.
The pharaoh ant is heavily damaged.
The pharaoh ant misses you.
You hit the pharaoh ant but do no damage.
The pharaoh ant is heavily damaged.
The pharaoh ant completely misses you.
You hit the pharaoh ant.
The pharaoh ant is heavily damaged.
You hit the pharaoh ant but do no damage.
The pharaoh ant is heavily damaged.
The pharaoh ant completely misses you.
You hit the pharaoh ant.
The pharaoh ant is heavily damaged.
The pharaoh ant bites you!!!
Ouch! That really hurt!
You die...

.......#..#.#.....^......#
.##....#..#....#.......###
...#...#......##...##..#.##
...#.......^^#........#.#.##
.#........#................#
.#.#............^.#.......##
...#.......................#
...#....####.#####...########
.......#........@B.#..#....:#
.................#....+~~~~W#
†........######.......#....)#
......................#######
................##.#..###
..##......#...##...#....##
........#................#
.#.....^.#.##.........##.#
.####..........^........##


You could see a pharaoh ant.

Vanquished Creatures
  An emperor scorpion (Spider:2)
  Snorg (D:10)
  Josephine (D:9)
  3 hydras
  Erica (D:10)
  A two-headed ogre (D:7)
  A pharaoh ant (Spider:1)
  2 orb spiders (Spider:1)
  Pikel (D:7)
  A wolf spider (Spider:2)
  A necromancer (D:9)
  An ugly thing (D:11)
  2 moths of wrath (Spider:2)
  5 elephants (Lair:2)
  4 black mambas
  A demonic crawler (Spider:1)
  4 cane toads
  Joseph (D:8)
  6 unseen horror zombies (D:9)
  2 torpor snails
  An unseen horror (D:11)
  A rime drake (Lair:2)
  Maggie (Lair:2)
  4 komodo dragons
  4 unseen horror skeletons (D:9)
  4 trolls
  8 tarantellas
  12 blink frogs
  4 dream sheep (Lair:1)
  2 jumping spiders (Spider:1)
  4 flying skulls (D:9)
  4 culicivoras
  A shadow (D:11)
  A slime creature (D:7)
  4 wraiths
  2 wyverns
  17 yaks
  A basilisk (Lair:2)
  Grum (D:8)
  3 steam dragons
  3 redbacks
  3 acid dragons
  4 water moccasins
  10 orc warriors
  A sky beast (D:7)
  2 black bears
  A hornet zombie (D:9)
  2 ice beasts (D:7)
  4 ogres
  2 wolves (D:8)
  5 centaurs
  2 lemures (D:7)
  A phantom (D:3)
  5 kobold brigands
  2 gnoll sergeants
  15 bullfrogs
  A necrophage (D:6)
  2 scorpions
  6 wights
  33 killer bees
  3 howler monkeys (D:11)
  A crimson imp (D:8)
  A centaur zombie (D:9)
  10 orc priests
  3 hounds
  A centaur skeleton (D:9)
  A gnoll bouda (D:5)
  A jelly (D:5)
  10 iguanas
  20 orc wizards
  A howler monkey zombie (D:9)
  12 adders
  13 gnolls
  A howler monkey skeleton (D:9)
  4 worms
  5 dart slugs
  47 orcs
  9 endoplasms
  11 giant cockroaches
  12 goblins
  8 hobgoblins
  4 jackals (D:4)
  40 kobolds
  4 quokkas
  9 ball pythons
  6 bats
  5 frilled lizards
  7 rats
472 creatures vanquished.

Vanquished Creatures (others)
  A wolf spider (Spider:1)
  A demonic crawler (Spider:1)
  An orc (Orc:1)
  7 fungi
  13 plants
23 creatures vanquished.

Grand Total: 495 creatures vanquished

Notes
Turn   | Place    | Note
-------+----------+-------------------------------------------
     0 | D:1      | acebull12 the Spriggan Brigand began the quest for the Orb.
     0 | D:1      | Reached XP level 1. HP: 10/10 MP: 2/2
    67 | D:1      | Reached skill level 6 in Stealth
   109 | D:1      | Reached XP level 2. HP: 13/14 MP: 3/3
   566 | D:1      | Reached skill level 7 in Stealth
   566 | D:1      | Reached XP level 3. HP: 18/18 MP: 4/4
  1068 | D:2      | Reached XP level 4. HP: 22/22 MP: 5/5
  1109 | D:2      | Reached skill level 8 in Stealth
  2196 | D:3      | Found a bloodstained altar of Trog.
  2328 | D:3      | Reached XP level 5. HP: 20/26 MP: 6/6
  2997 | D:4      | Noticed a steam dragon
  3000 | D:4      | Noticed a yak
  3006 | D:4      | Killed a steam dragon
  3007 | D:4      | Reached XP level 6. HP: 30/30 MP: 7/7
  3007 | D:4      | Noticed a steam dragon
  3008 | D:4      | Killed a steam dragon
  3009 | D:4      | Reached skill level 5 in Short Blades
  3009 | D:4      | Reached skill level 9 in Stealth
  3104 | D:4      | Found Miuleg's General Store.
  3292 | D:4      | Reached XP level 7. HP: 16/35 MP: 8/8
  3526 | D:3      | Reached skill level 10 in Stealth
  3913 | D:4      | Noticed Grinder
  4179 | D:4      | Killed a yak
  4180 | D:4      | Reached skill level 5 in Dodging
  4259 | D:4      | Paralysed by Grinder for 4 turns
  4494 | D:5      | Entered Level 5 of the Dungeon
  4546 | D:5      | Reached XP level 8. HP: 39/39 MP: 9/9
  4778 | D:5      | Found a glowing drain.
  4860 | Sewer    | Entered a sewer
  5519 | D:5      | Reached skill level 11 in Stealth
  5727 | D:5      | Found a staircase to the Ecumenical Temple.
  5740 | Temple   | Entered the Ecumenical Temple
  5899 | Temple   | Became a worshipper of Uskayaw the Reveller
  5924 | D:5      | Reached * piety under Uskayaw
  5965 | D:5      | Reached ** piety under Uskayaw
  6135 | D:4      | Reached *** piety under Uskayaw
  6711 | D:5      | Reached skill level 12 in Stealth
  7112 | D:6      | Found a basalt altar of Yredelemnul.
  7226 | D:6      | Reached XP level 9. HP: 43/43 MP: 10/10
  7271 | D:6      | Got the Handbook of the Bloody Mob
  7699 | D:7      | Reached skill level 10 in Short Blades
  7723 | D:7      | Noticed a two-headed ogre
  7724 | D:7      | Noticed Pikel
  7726 | D:7      | Reached skill level 1 in Shields
  7726 | D:7      | Reached skill level 1 in Invocations
  7766 | D:7      | Reached skill level 13 in Stealth
  8037 | D:7      | Found a broken altar of Ashenzari.
  8124 | D:7      | Reached skill level 14 in Stealth
  8238 | D:7      | Noticed a troll
  8291 | D:7      | Killed Pikel
  8292 | D:7      | Reached skill level 15 in Stealth
  8795 | D:7      | Killed a troll
  8796 | D:7      | Reached XP level 10. HP: 30/49 MP: 11/13
  8993 | D:7      | Killed a two-headed ogre
  8994 | D:7      | Reached skill level 16 in Stealth
  9381 | D:8      | Found a staircase to the Lair.
  9471 | D:8      | Found an iron altar of Okawaru.
  9611 | D:8      | Found a burning altar of Makhleb.
  9640 | D:8      | Noticed Joseph
  9662 | D:8      | Killed Joseph
  9736 | D:8      | Reached skill level 5 in Throwing
  9753 | D:8      | Reached **** piety under Uskayaw
  9771 | D:8      | Found a stormy altar of Qazlal.
  9938 | D:8      | Noticed Grum
  9954 | D:8      | Killed Grum
  9957 | D:8      | Reached skill level 17 in Stealth
 10567 | D:9      | Reached skill level 10 in Dodging
 10567 | D:9      | Reached skill level 18 in Stealth
 10567 | D:9      | Reached XP level 11. HP: 53/53 MP: 14/16
 10569 | D:9      | Reached skill level 19 in Stealth
 10569 | D:9      | Reached XP level 12. HP: 58/58 MP: 14/18
 10942 | D:9      | Found a glowing golden altar of the Shining One.
 11190 | D:9      | Found a glowing silver altar of Zin.
 11876 | D:9      | Reached XP level 13. HP: 34/63 MP: 19/19
 12685 | D:9      | Noticed Josephine
 12987 | D:9      | Killed Josephine
 13400 | D:10     | Entered Level 10 of the Dungeon
 13447 | D:10     | Noticed Erica
 13454 | D:10     | Killed Erica
 13459 | D:10     | Found a snail-covered altar of Cheibriados.
 13511 | D:10     | Noticed Snorg
 13530 | D:10     | Killed Snorg
 13862 | D:10     | Reached ***** piety under Uskayaw
 13874 | D:10     | Identified the +5 long sword "Celo" {freeze, Str+2}
 14355 | D:10     | Found a shimmering altar of Xom.
 14832 | D:11     | Reached skill level 20 in Stealth
 14904 | D:11     | Reached ****** piety under Uskayaw
 14907 | D:11     | Found Yvatoos's Antique Weapon Boutique.
 15472 | D:11     | Found a staircase to the Orcish Mines.
 15716 | Orc:1    | Entered Level 1 of the Orcish Mines
 15943 | Orc:1    | Reached skill level 5 in Fighting
 16345 | Orc:2    | Entered Level 2 of the Orcish Mines
 16521 | Lair:1   | Entered Level 1 of the Lair of Beasts
 18231 | Lair:2   | Found a staircase to the Shoals.
 18561 | Lair:2   | Noticed Maggie
 18568 | Lair:2   | Killed Maggie
 18589 | Lair:2   | Found a runed translucent gate.
 18590 | Lair:2   | Found a runed translucent gate.
 18593 | Lair:2   | Found a runed translucent gate.
 18594 | Lair:2   | Noticed Rennog's ghost (journeyman FoFi)
 18858 | Lair:2   | Reached XP level 14. HP: 30/68 MP: 21/21
 19264 | Lair:2   | You fall into a shaft and drop 2 floors!
 19312 | Lair:4   | Reached skill level 10 in Throwing
 19838 | Lair:3   | Learned a level 2 spell: Blink
 19986 | Lair:3   | Found a hole to the Spider Nest.
 20461 | Spider:1 | Entered Level 1 of the Spider Nest
 20580 | Spider:1 | Found a runed translucent door.
 20613 | Spider:1 | Reached skill level 1 in Spellcasting
 20738 | Spider:1 | Noticed Ebbomuas's ghost (journeyman MiGl)
 21268 | Spider:1 | Reached skill level 15 in Dodging
 21633 | Spider:1 | Identified the +0 pair of gloves of Bosuazo {Contam Str+3}
 21696 | Spider:2 | Noticed an emperor scorpion
 21810 | Spider:2 | Killed an emperor scorpion
 22164 | Spider:2 | HP: 3/66 [pharaoh ant (30)]
 22234 | Spider:1 | Slain by a pharaoh ant

Illustrated notes

Levels and vault maps discovered:
D:1:      minmay_arrival_cross, layout_loops_ring, minmay_octomino_e4
D:2:      layout_loops_ring, serial_forest, infiniplex_forest_zigzag_1,
          infiniplex_forest_lined_3, infiniplex_forest_corner_1,
          infiniplex_forest_clump_long, infiniplex_forest_clump_small,
          infiniplex_forest_lined_ring, minmay_fractal_squares_5
D:3:      layout_loops_ring, lemuel_crystal_altar
D:4:      layout_cave_pools, serial_shops, shop, kennysheep_nub,
          wad_floor_pattern_2, minmay_manual_mail, uniq_grinder
D:5:      layout_cave_pools, minmay_temple_entry_tees, gup_sewer_entry_glass,
          serial_column_ruins, column_ruins_hut_ruined, column_ruins_hut_ruined,
          column_ruins_grid_3, column_ruins_open_tiny_water,
          column_ruins_corridor_T, column_ruins_open_large, column_ruins_grid_1,
          column_ruins_grid_1, column_ruins_columns_dead_end,
          chequers_serial_rivers_micro_a
D:6:      layout_loops_cross, mainiacjoe_overflow_catwalk
D:7:      minmay_chambers_of_sixes, layout_basic, ashenzari_conservatory_becter,
          lemuel_flamethrower_2, uniq_pikel
D:8:      layout_loops_corners, kennysheep_little_box,
          mainiacjoe_overflow_small_starburst, makhleb_grotto_becter, uniq_grum,
          uniq_joseph
D:9:      hangedman_screamer, layout_layer_cave, nicolae_overflow_hidden_temple,
          tso_altar
D:10:     layout_cave_pools, mainiacjoe_overflow_six_doors_small,
          kennysheep_slug_shrine, uniq_snorg, uniq_erica, uniq_josephine
D:11:     layout_gridville, hiddenorc1_lemuel, serial_shops,
          nicolae_square_shop, kennysheep_flooded_box
D:12:     layout_loops_ring, serial_shops, shop, ebering_dispersal_statue_hall
Temple:   hellmonk_temple_flake
Lair:1:   layout_loops_ring, lemuel_fruit_tree, grunt_megastairs_1
Lair:2:   layout_big_grid, elwin_shoals_entry_rocks, gammafunk_ghost_hydra_chop,
          eino_small_chamber_without_monster, grunt_megastairs_2,
          infiniplex_staircase_pool, uniq_maggie
Lair:3:   layout_long_grid, hellmonk_spider_entry_life_and_decay
Lair:4:   layout_gridlike
Spider:1: layout_spider_delve, ebering_ghost_reflecting_pool
Spider:2: layout_cave_pods
Orc:1:    layout_caves
Orc:2:    grunt_orc_tribal_feast, layout_caves, serial_shops, shop

Skill      XL: |  1  2  3  4  5  6  7  8  9 10 11 12 13 14 |
---------------+-------------------------------------------+-----
Stealth        | 6 7 8 9 10 12 15 18 19 20 | 20.0
Short Blades   | 3 4 5 7 9 10 11 12 | 12.5
Dodging        | 2 3 5 6 7 10 11 14 15 | 15.3
Fighting       | 2 3 4 5 |  5.7
Throwing       | 4 7 8 9 10 | 10.8
Shields        | 1 2 |  2.7
Invocations    | 2 6 7 8 9 |  9.3
Spellcasting   | 2 |  2.1

Action                   |  1- 3 |  4- 6 |  7- 9 | 10-12 | 13-15 || total
-------------------------+-------+-------+-------+-------+-------++-------
Melee: Dagger            |    93 |   222 |   497 |       |       ||   812
       Punch             |     1 |     2 |     9 |     4 |    16 ||    32
       Short sword       |       |       |   156 |   453 |  1271 ||  1880
       Rapier            |       |       |       |       |    12 ||    12
Throw: Dart              |       |     2 |    22 |    14 |    24 ||    62
       Boomerang         |       |       |       |       |   113 ||   113
       Throwing net      |       |       |       |       |     1 ||     1
Invok: Stomp             |       |       |       |     4 |     3 ||     7
       Line Pass         |       |       |       |     2 |     3 ||     5
       Grand Finale      |       |       |       |       |     1 ||     1
  Use: Scroll            |       |     9 |     3 |     5 |    10 ||    27
       Potion            |       |       |       |     3 |     2 ||     5
 Stab: Sleeping          |    18 |    14 |    35 |     6 |    29 ||   102
       Distracted        |     1 |     1 |     2 |       |     5 ||     9
       Paralysed         |       |       |     6 |    12 |    36 ||    54
       Held in net/web   |       |       |     1 |       |     2 ||     3
       Confused          |       |       |       |     2 |       ||     2
Armor: Robe              |     6 |     9 |       |       |       ||    15
       Steam dragon scal |       |     5 |    34 |    20 |    45 ||   104
Dodge: Dodged            |    75 |   117 |   307 |   473 |  1053 ||  2025
Block: Other             |       |     7 |    63 |   102 |    53 ||   225
       Reflection        |       |       |     2 |       |       ||     2

Table legend: (Time is in decaauts)
 A = Elapsed time spent in this place.
 B = Non-inter-level travel time spent in this place.
 C = Inter-level travel time spent in this place.
 D = Time resting spent in this place.
 E = Time spent auto-exploring this place.
 F = Levels seen in this place.
 G = Mean time per level.
                   A        B        C        D        E       F      G
               +--------+--------+--------+--------+--------+-----+--------+
         Total |  15804 |  14988 |    816 |   4630 |   4827 |  22 |  718.4 |
       Dungeon |  10771 |  10085 |    686 |   3093 |   3205 |  12 |  897.6 |
        Temple |    103 |    103 |      0 |      0 |     78 |   1 |  103.0 |
          Lair |   3004 |   2933 |     71 |    925 |   1015 |   4 |  751.0 |
   Spider Nest |   1071 |   1027 |     44 |    396 |    275 |   2 |  535.5 |
  Orcish Mines |    438 |    425 |     13 |    106 |    210 |   2 |  219.0 |
         Sewer |    414 |    414 |      0 |    110 |     43 |   1 |  414.0 |
               +--------+--------+--------+--------+--------+-----+--------+

Top non-repeatable levels by time:
     D:9: 1677 daAuts
     D:8: 1512 daAuts
     D:4: 1285 daAuts
  Lair:2: 1067 daAuts
     D:2: 1011 daAuts
  Lair:1: 943 daAuts
     D:5: 886 daAuts
  Lair:3: 857 daAuts
    D:10: 841 daAuts
     D:7: 835 daAuts
     D:3: 808 daAuts
    D:11: 782 daAuts
Spider:1: 772 daAuts
     D:1: 575 daAuts
     D:6: 551 daAuts
